 Dungeon Crawl Stone Soup version 0.24.0-10-g970556be89 (webtiles) character file.

Game seed: 17659138344374426466, levelgen mode: deterministic

619252 mopl the Phalangite (level 27, -13/217 HPs)
             Began as a Merfolk Abyssal Knight on Nov 3, 2019.
             Was the Champion of Lugonu.
             Mangled by a death scarab (18 damage)
             ... on level 2 of the Tomb of the Ancients on Nov 4, 2019.
             The game lasted 03:46:07 (71707 turns).

mopl the Phalangite (Merfolk Abyssal Knight)       Turns: 71707, Time: 03:46:08

Health: -13/217    AC: 45    Str: 25 (27) XL:     27
Magic:  36/36      EV: 15    Int: 17      God:    Lugonu [******]
Gold:   6035       SH:  0    Dex: 16      Spells: 23/32 levels left

rFire    + + +     SeeInvis +   b - +9 bardiche (holy)
rCold    + . .     Gourm    .   (shield currently unavailable)
rNeg     + . .     Faith    .   X - +12 gold dragon scales
rPois    +         Spirit   .   (helmet restricted)
rElec    +         Reflect  .   f - +1 cloak of Grace {*Contam +Inv rCorr Str+3}
rCorr    +         Harm     .   y - +2 pair of gloves {archery}
MR       +++..                  H - +2 pair of boots
Stlth    ..........             x - macabre finger necklace {rN+}
HPRegen  0.86/turn              R - ring of Musidesch {rPois rF+ AC+1 Int+2}
MPRegen  0.25/turn              L - ring of Dishonour {rF+ MR+}
                                j - ring of Quuteok {rElec AC+3 Str+3 Int+2}

@: marked, very slightly contaminated, slowed, drained, very slow
A: change form in water, swift swim, stealthy swim, antennae 1, thin metallic
scales 1, see invisible, regeneration 1, wild magic 1
}: 5/15 runes: barnacled, slimy, silver, abyssal, gossamer
a: Depart the Abyss, Bend Space, Banish, Corrupt, Enter the Abyss, Brand Weapon
With Distortion, Renounce Religion, Evoke Invisibility


You were on level 2 of the Tomb of the Ancients.
You worshipped Lugonu.
Lugonu was exalted by your worship.
You were not hungry.

You visited 10 branches of the dungeon, and saw 49 of its levels.
You visited the Abyss 6 times.
You visited 1 bazaar.
You also visited: Bailey and Ice Cave.

You collected 7886 gold pieces.
You spent 1851 gold pieces at shops.

Inventory:

Hand Weapons
 a - the +5 scythe "Finisher" {speed, eviscerate}
   (You took it off a deep elf demonologist on level 3 of the Elven Halls)

   Attacks with this weapon are significantly faster.
 b - a +9 bardiche of holy wrath (weapon)
 u - the +4 glaive "Tycreo" {antimagic, rElec rF+ rC+}
   (You found it on level 5 of the Pits of Slime)

   It reduces the magical energy of the wielder, and disrupts the spells and
   magical abilities of those hit.
   Natural abilities and divine invocations are not affected.
   It protects you from fire.
   It protects you from cold.
   It insulates you from electricity.
Missiles
 s - 52 silver javelins
 v - 128 boomerangs
 N - 83 javelins
 P - 12 throwing nets
 V - 5 boomerangs of dispersal
 Y - 23 silver boomerangs (quivered)
Armour
 f - the +1 cloak of Grace (worn) {*Contam +Inv rCorr Str+3}
   (You found it on level 2 of the Lair of Beasts)

   It affects your strength (+3).
   It lets you turn invisible.
   It causes magical contamination when unequipped.
   It provides partial protection from all sources of acid and corrosion.
 y - a +2 pair of gloves of archery (worn)
 H - a +2 pair of boots (worn)
 X - +12 gold dragon scales (worn)
Jewellery
 j - the ring of Quuteok (on amulet) {rElec AC+3 Str+3 Int+2}
   (You took it off a deep elf demonologist on level 3 of the Elven Halls)

   [ring of protection]

   It affects your AC (+3).
   It affects your strength (+3).
   It affects your intelligence (+2).
   It insulates you from electricity.
 n - the ring "Numo" {+Fly rN+}
   (You found it on level 15 of the Dungeon)

   [ring of flight]

   It protects you from negative energy.
   It lets you fly.
 x - the macabre finger necklace (around neck) {rN+}
   (You took it off a centaur warrior on level 12 of the Dungeon)

   [amulet of nothing]

   It protects you from negative energy.
 L - the ring of Dishonour (right hand) {rF+ MR+}
   (You found it on level 5 of the Pits of Slime)

   [ring of protection from fire]

   It protects you from fire.
   It affects your resistance to hostile enchantments.
 R - the ring of Musidesch (left hand) {rPois rF+ AC+1 Int+2}
   (You took it off a deep elf mage on level 3 of the Elven Halls)

   [ring of protection]

   It affects your AC (+1).
   It affects your intelligence (+2).
   It protects you from fire.
   It protects you from poison.
Wands
 e - a wand of enslavement (8)
 h - a wand of digging (9)
 r - a wand of paralysis (11)
 C - a wand of iceblast (25)
 E - a wand of scattershot (13)
 K - a wand of acid (22)
 O - a wand of clouds (8)
Scrolls
 d - 8 scrolls of blinking
 o - 2 scrolls of summoning
 p - 7 scrolls of fear
 q - 18 scrolls of remove curse
 t - 9 scrolls of magic mapping
 B - 20 scrolls of teleportation
 F - 3 scrolls of vulnerability
 G - 18 scrolls of identify
 M - 12 scrolls of fog
 U - 4 scrolls of holy word
Potions
 g - 6 potions of cancellation
 i - 15 potions of curing
 l - 6 potions of ambrosia
 m - 11 potions of heal wounds
 w - 3 potions of haste
 z - 6 potions of flight
 I - 7 potions of might
 Q - 8 potions of agility
 W - 4 potions of resistance
Miscellaneous
 k - a lightning rod (4/4)
 A - 3 boxes of beasts
 D - a fan of gales
 J - a lamp of fire
 S - 3 sacks of spiders
 T - 2 phantom mirrors
 Z - a phial of floods
Comestibles
 c - 73 rations


   Skills:
 + Level 17.9(16.4) Fighting
 - Level 26.0(24.2) Polearms
 + Level 16.2(14.8) Throwing
 + Level 12.9(11.6) Armour
 + Level 20.0(18.5) Dodging
 - Level 10.0(8.7) Stealth
 - Level 3.0(1.9) Spellcasting
 + Level 7.3(6.1) Hexes
 + Level 12.1(10.8) Charms
 + Level 7.2(6.0) Necromancy
 + Level 9.2(7.9) Translocations
 * Level 18.8(17.3) Invocations
 - Level 12.0(10.6) Evocations


You had 23 spell levels left.
You knew the following spells:

 Your Spells              Type           Power        Failure   Level  Hunger
a - Apportation           Tloc           #####.       36%         1    #......
b - Spectral Weapon       Hex/Chrm       #####...     65%         3    ###....
e - Blink                 Tloc           N/A          47%         2    ###....
r - Regeneration          Chrm/Necr      #####.....   65%         3    ###....

Your spell library contained the following spells:

 Spells                   Type           Power        Failure   Level  Hunger
 Infusion                 Chrm           ####         13%         1    #......
 Song of Slaying          Chrm           ######..     19%         2    ###....
 Shroud of Golubria       Chrm/Tloc      #####.       32%         2    ###....
 Animate Skeleton         Necr           N/A          61%         1    #......
 Confusing Touch          Hex            ####..       61%         1    #......
 Corona                   Hex            ####...      61%         1    #......
 Pain                     Necr           ####         61%         1    #......
 Gell's Gravitas          Tloc           #####.....   71%         3    ###....
 Lesser Beckoning         Tloc           #####.....   71%         3    ###....
 Teleport Other           Tloc           #####...     71%         3    ###....
 Slow                     Hex            ####....     73%         2    ###....
 Sublimation of Blood     Necr           ####......   75%         2    ###....
 Swiftness                Chrm/Air       ####....     82%         2    ###....
 Portal Projectile        Hex/Tloc       ####..       83%         3    ###....
 Confuse                  Hex            ####....     91%         3    ###....
 Tukima's Dance           Hex            ####....     91%         3    ###....
 Ozocubu's Armour         Chrm/Ice       ####....     96%         3    ###....
 Passage of Golubria      Tloc           N/A          97%         4    #####..
 Ensorcelled Hibernation  Hex/Ice        ###...       98%         2    ###....
 Recall                   Summ/Tloc      N/A          99%         3    ###....
 Beastly Appendage        Tmut           #.....       100%        1    #......
 Freeze                   Ice            #...         100%        1    #......
 Magic Dart               Conj           #...         100%        1    #......
 Sandblast                Erth           #.....       100%        1    #......
 Sting                    Conj/Pois      #...         100%        1    #......
 Summon Butterflies       Summ           #.......     100%        1    #......
 Summon Small Mammal      Summ           #...         100%        1    #......
 Call Imp                 Summ           #.......     100%        2    ###....
 Passwall                 Tmut/Erth      #.......     100%        2    ###....
 Poisonous Vapours        Pois/Air       #.....       100%        2    ###....
 Searing Ray              Conj           #.....       100%        2    ###....
 Sticks to Snakes         Tmut           #.......     100%        2    ###....
 Throw Frost              Conj/Ice       #.....       100%        2    ###....
 Call Canine Familiar     Summ           #.......     100%        3    ###....
 Conjure Flame            Conj/Fire      #.......     100%        3    ###....
 Dazzling Spray           Conj/Hex       ###...       100%        3    ###....
 Ignite Poison            Fire/Tmut/Pois #.......     100%        3    ###....
 Inner Flame              Hex/Fire       ###.....     100%        3    ###....
 Mephitic Cloud           Conj/Pois/Air  #.......     100%        3    ###....
 Spider Form              Tmut/Pois      #.........   100%        3    ###....
 Static Discharge         Conj/Air       #.......     100%        3    ###....
 Summon Guardian Golem    Hex/Summ       ###.....     100%        3    ###....
 Animate Dead             Necr           N/A          100%        4    #####..
 Cause Fear               Hex            ####......   100%        4    #####..
 Force Lance              Conj/Tloc      ###.....     100%        4    #####..
 Fulminant Prism          Conj/Hex       ###.......   100%        4    #####..
 Ice Form                 Ice/Tmut       #.......     100%        4    #####..
 Iskenderun's Mystic Bla  Conj           #.......     100%        4    #####..
 Leda's Liquefaction      Hex/Erth       ###.......   100%        4    #####..
 Olgreb's Toxic Radiance  Pois           #.......     100%        4    #####..
 Petrify                  Tmut/Erth      #.......     100%        4    #####..
 Sticky Flame             Conj/Fire      #.......     100%        4    #####..
 Summon Ice Beast         Ice/Summ       #.......     100%        4    #####..
 Summon Lightning Spire   Summ/Air       #.......     100%        4    #####..
 Throw Icicle             Conj/Ice       #.......     100%        4    #####..
 Alistair's Intoxication  Tmut/Pois      #.......     100%        5    ######.
 Blade Hands              Tmut           #.........   100%        5    ######.
 Bolt of Draining         Conj/Necr      ###.......   100%        5    ######.
 Bolt of Magma            Conj/Fire/Erth #.........   100%        5    ######.
 Borgnjor's Vile Clutch   Necr/Erth      ###.......   100%        5    ######.
 Irradiate                Conj/Tmut      #.........   100%        5    ######.
 Iskenderun's Battlesphe  Conj/Chrm      ####....     100%        5    ######.
 Lee's Rapid Deconstruct  Erth           #.........   100%        5    ######.
 Lightning Bolt           Conj/Air       #.........   100%        5    ######.
 Metabolic Englaciation   Hex/Ice        ###.......   100%        5    ######.
 Silence                  Hex/Air        ###.......   100%        5    ######.
 Summon Mana Viper        Hex/Summ       ###.....     100%        5    ######.
 Venom Bolt               Conj/Pois      #.........   100%        5    ######.
 Bolt of Cold             Conj/Ice       #.........   100%        6    #######
 Bolt of Fire             Conj/Fire      #.........   100%        6    #######
 Conjure Ball Lightning   Conj/Air       #.........   100%        6    #######
 Darkness                 Hex            ####......   100%        6    #######
 Death Channel            Necr           ####......   100%        6    #######
 Deflect Missiles         Chrm/Air       ####......   100%        6    #######
 Freezing Cloud           Conj/Ice/Air   #.........   100%        6    #######
 Hydra Form               Tmut           #.........   100%        6    #######
 Invisibility             Hex            ####....     100%        6    #######
 Iron Shot                Conj/Erth      #.........   100%        6    #######
 Ozocubu's Refrigeration  Ice            #.........   100%        6    #######
 Poison Arrow             Conj/Pois      #.........   100%        6    #######
 Shadow Creatures         Summ           N/A          100%        6    #######
 Simulacrum               Ice/Necr       ###.......   100%        6    #######
 Statue Form              Tmut/Erth      #........    100%        6    #######
 Dragon Form              Tmut           #.........   100%        7    #######
 Haunt                    Necr/Summ      ###.......   100%        7    #######
 Orb of Destruction       Conj           #.........   100%        7    #######
 Spellforged Servitor     Conj/Summ      #.........   100%        7    #######
 Summon Hydra             Summ           #.........   100%        7    #######
 Borgnjor's Revivificati  Necr           ####......   100%        8    #######
 Chain Lightning          Conj/Air       #.........   100%        8    #######
 Death's Door             Chrm/Necr      #####.....   100%        8    #######
 Ignition                 Fire           #.........   100%        8    #######
 Infestation              Necr           ####......   100%        8    #######
 Lehudib's Crystal Spear  Conj/Erth      #.........   100%        8    #######
 Necromutation            Tmut/Necr      ###.......   100%        8    #######
 Fire Storm               Conj/Fire      #.........   100%        9    #######
 Glaciate                 Conj/Ice       #.........   100%        9    #######
 Shatter                  Erth           #.........   100%        9    #######
 Tornado                  Air            #.........   100%        9    #######


Dungeon Overview and Level Annotations

Branches:
Dungeon (15/15)            Temple (0/1) D:5            Lair (6/6) D:8
 Shoals (4/4) Lair:4       Spider (4/4) Lair:4        Slime (5/5) Lair:6
    Orc (2/2) D:11            Elf (3/3) Orc:2        Vaults (5/5) D:14
  Crypt (3/3) Vaults:2       Tomb (2/3) Crypt:3      Depths (0/5) D:15
 Bailey (visited)           IceCv (visited)

Altars:
Ashenzari
Dithmenos
Elyvilon
Fedhas
Gozag
Hepliaklqana
Kikubaaqudgha
Nemelex Xobeh
Okawaru
Ru
Sif Muna
Trog
Uskayaw
Wu Jian
Xom
Yredelemnul
The Shining One
Beogh
Jiyva

Shops:
D:4 [   Orc:2 (%:(   Elf:1 ?   Elf:2 [   Shoals:2 %   Vaults:1 (   Vaults:3 [

Annotations:
Lair:4 exclusion: oklob plant
Shoals:2 1 runed translucent door, Lyfunof's ghost, adept DrFE
Elf:3 Tuny's ghost, adept SpEn
Abyss:1 brae's ghost, adept HuBe


Innate Abilities, Weirdness & Mutations

You revert to your normal form in water.
You are very nimble and swift while swimming.
You are very stealthy in the water. (Stealth+)
You have a pair of small antennae on your head.
You are partially covered in thin metallic scales. (AC +2)
You have supernaturally acute eyesight. (SInv)
Your natural rate of healing is unusually fast.
Your spells are a little harder to cast, but a little more powerful.


Message History

The death scarab completely misses you. The death scarab closely misses you.
The death scarab bites you but does no damage.
The death scarab barely misses you. The death scarab closely misses you.
Okay, then.
As you read the scroll of fear, it crumbles to dust.
You assume a fearsome visage.
The death scarab is unaffected. x3
The death scarab bites you!
* * * LOW HITPOINT WARNING * * *
The death scarab draws strength from your injuries!
The death scarab bites you but does no damage.
The death scarab barely misses you. The death scarab bites you!
* * * LOW HITPOINT WARNING * * *
The death scarab drains your vigour!
You feel as though you will be slow longer.
The death scarab draws strength from your injuries!
The death scarab misses you. The death scarab closely misses you.
The death scarab bites you but does no damage. x2
The death scarab closely misses you. The death scarab misses you.
The death scarab bites you!!
You die...

*,,,,*,,,,,,,..^...
*,,,,+,,,,,,,......
*,,,,*,,,**,,....Mz
*,,,,*,,,***,.8....
######,,,,***....##
#>...#,,,,,**#...**
#....#,,,,,,*#..,,,
#.s..#,,,,,,,,,,,,,
#^@..#,,,,,,,,,,,,,
#.ss.#,,,{{,,,,,,,,
#....##############
#.^.)...#.(......#.
#.......#§....(.(#.
#......^'.§...M..M.
#.......#........#.
#.^.....#........#.
###################


You could see 3 death scarabs.

Vanquished Creatures
  the Royal Jelly (Slime:5)
  Khufu (Crypt:2)
  2 ancient liches
  A greater mummy (Crypt:2)
  A golden dragon (Vaults:5)
  Jory (Crypt:2)
  2 profane servitors
  7 liches
  3 bone dragons
  4 tentacled monstrosities
  Asterion (Spider:1)
  2 deep elf master archers (Elf:3)
  2 deep elf blademasters
  4 titans
  A kraken (Shoals:1)
  Frances (Spider:2)
  An Executioner (Abyss:3)
  6 tentacled starspawn
  16 acid blobs
  13 sphinxes
  6 ancient champions
  3 shadow dragons
  3 storm dragons (Vaults:5)
  Roxanne (Shoals:4)
  Gastronok (Orc:1)
  5 tengu reavers
  8 revenants
  6 fire giants
  12 azure jellies
  An orc warlord (Vaults:2)
  A balrug (Abyss:3)
  Louise (Spider:3)
  5 deep elf sorcerers
  5 ghost moths
  9 emperor scorpions
  A caustic shrike zombie (Crypt:3)
  An iron dragon (Vaults:4)
  11 vault wardens
  7 frost giants (Vaults:5)
  2 angels (Abyss:3)
  5 curse skulls
  3 draconian stormcallers (Abyss:3)
  13 ironheart preservers
  5 deep elf elementalists
  5 ghouls
  A war gargoyle (Vaults:5)
  12 very ugly things
  5 entropy weavers
  6 bennus (Tomb:2)
  7 stone giants
  Azrael (Elf:1)
  A vampire knight (Crypt:2)
  Nessos (D:12)
  A dire elephant (shapeshifter) (Vaults:5)
  A white draconian (IceCv)
  3 lorocyprocas (Abyss:3)
  7 deep elf demonologists
  8 deep elf annihilators
  8 eidola
  7 ettins
  7 deep elf death magi
  8 merfolk javelineers
  10 mummy priests
  8 death oozes
  4 jiangshi
  9 merfolk impalers
  2 green deaths
  6 deep elf high priests
  8 yaktaur captains
  Harold (D:8)
  2 ice dragons
  5 fire dragons
  13 ogre magi
  4 great orbs of eyes
  3 rakshasas
  7 hydras
  A naga warrior (Abyss:1)
  A spectral shadow dragon (Crypt:3)
  29 vault guards
  2 anacondas (shapeshifter)
  Erica (D:8)
  3 merfolk avatars
  2 death knights
  An alligator snapping turtle (Shoals:4)
  10 centaur warriors
  4 satyrs (Shoals:4)
  35 dancing weapons
  2 merfolk aquamancers
  A catoblepas (D:12)
  51 two-headed ogres
  A deep troll shaman (Vaults:5)
  A death yak (IceCv)
  4 vampire magi
  A tengu warrior (D:13)
  23 death scarabs
  A soul eater (Crypt:1)
  3 orc high priests (Orc:2)
  8 thrashing horrors
  23 deep elf knights
  4 wretched stars
  25 skeletal warriors
  16 shadow wraiths
  A sea snake (shapeshifter) (Vaults:3)
  7 spatial maelstroms
  A hell knight (Abyss:2)
  14 sea snakes
  4 deep trolls (Vaults:5)
  5 flayed ghosts
  4 sixfirhies (Abyss:3)
  2 unseen horrors
  A shadow demon (Abyss:3)
  A spectral iron dragon (Crypt:3)
  3 glowing orange brains
  A golden dragon skeleton (Crypt:3)
  17 ironbrand convokers
  2 shadow dragon zombies (Crypt:1)
  19 deep elf archers
  21 orc knights
  7 necromancers
  10 wizards
  2 lindwurms (shapeshifter)
  24 phantasmal warriors
  23 harpies
  21 wolf spiders
  A harpy (shapeshifter) (D:15)
  A spectral wolf spider (Crypt:3)
  An anaconda skeleton (Crypt:2)
  23 orb spiders
  12 cyclopes
  2 shining eyes
  A shining eye (shapeshifter) (Vaults:3)
  23 large abominations
  56 deep elf magi
  4 moths of wrath
  A tengu skeleton (Vaults:4)
  39 ugly things
  2 fire giant zombies
  3 stone giant zombies
  6 draconians (Abyss:3)
  7 orc sorcerers
  2 spectral fire dragons (Crypt:3)
  A fire giant skeleton (Vaults:2)
  12 manticores
  An elephant (shapeshifter) (Abyss:2)
  5 worldbinders
  9 fauns
  3 torpor snails
  5 elephants (Lair:6)
  6 centaur zombies
  A frost giant skeleton (Vaults:2)
  A naga mage (Abyss:3)
  A stone giant skeleton (Vaults:2)
  5 water nymphs
  5 eyes of devastation
  A titan simulacrum (Crypt:2)
  21 spiny frogs
  2 black mambas (shapeshifter)
  6 merfolk sirens
  3 apocalypse crabs
  An ice statue (IceCv)
  Joseph (D:7)
  9 vault sentinels
  A guardian serpent (Abyss:3)
  A shock serpent skeleton (Crypt:2)
  2 dire elephant skeletons
  9 smoke demons
  4 black mambas
  7 centaur skeletons
  A hellion (Abyss:3)
  A white draconian zombie (Crypt:3)
  2 gargoyles
  2 kobold demonologists
  16 demonic crawlers
  2 orange demons (Abyss:3)
  4 komodo dragons
  13 freezing wraiths
  3 rime drakes
  17 guardian mummies
  14 yaktaurs
  A death yak skeleton (Crypt:1)
  3 efreet
  3 ice devils
  A sea snake skeleton (Crypt:2)
  2 hydra zombies
  5 ancient zymes
  A meliai (shapeshifter) (Vaults:3)
  12 trolls
  5 hornets
  A polar bear (shapeshifter) (Vaults:5)
  2 tengu conjurers (D:14)
  15 polar bears
  4 tyrant leeches (Lair:6)
  A harpy skeleton (Crypt:1)
  26 raiju
  Grinder (D:5)
  Prince Ribbit (D:7)
  6 wind drakes
  A wind drake (shapeshifter) (Vaults:5)
  A merfolk (shapeshifter) (Vaults:1)
  15 blink frogs
  27 merfolk
  2 hydra skeletons
  31 jumping spiders
  4 bog bodies
  8 snapping turtles
  An ettin zombie (Crypt:2)
  A meliai zombie (D:13)
  78 slime creatures
  6 hippogriffs
  4 dream sheep
  27 tarantellas
  39 flying skulls
  9 shadows
  93 redbacks
  A spriggan (shapeshifter) (Vaults:4)
  17 water elementals
  Sigmund (D:3)
  4 wyverns
  2 basilisks
  6 ushabtiu
  10 ynoxinuls
  A tyrant leech zombie (Crypt:2)
  5 fire elementals
  36 yaks
  A fire bat (shapeshifter) (Vaults:2)
  2 golden eyes (Slime:5)
  A black mamba skeleton (Crypt:2)
  19 small abominations
  2 neqoxecs (Abyss:3)
  19 wraiths
  5 chaos spawn
  A yaktaur simulacrum (Vaults:4)
  3 hungry ghosts
  9 spatial vortices
  A steam dragon (D:5)
  6 vampire mosquitoes
  11 wargs
  7 insubstantial wisps
  2 nagas (Abyss:3)
  2 deep troll zombies
  4 acid dragons
  6 water moccasins
  3 soldier ants (D:14)
  5 hell hounds (Elf:1)
  2 floating eyes
  7 porcupines
  A merfolk skeleton (Crypt:1)
  51 orc warriors
  5 sky beasts
  4 black bears
  8 eyes of draining
  3 ice beasts
  7 phantoms
  A hornet zombie (D:15)
  30 ogres
  2 ice dragon simulacra
  A black mamba simulacrum (Abyss:3)
  An eye of draining (shapeshifter) (Vaults:1)
  A swamp dragon zombie (Crypt:1)
  3 necrophages
  25 wolves
  7 boggarts
  A snapping turtle skeleton (Abyss:3)
  14 centaurs
  A human skeleton (Vaults:2)
  18 crocodiles
  A centaur (shapeshifter) (D:15)
  Blork the orc (D:5)
  A big kobold (shapeshifter) (D:12)
  A glowing shapeshifter simulacrum (Vaults:4)
  25 bullfrogs
  A wyvern zombie (D:13)
  5 big kobolds
  A gnoll sergeant (Orc:2)
  2 earth elementals
  A water moccasin zombie (D:8)
  9 scorpions
  A hornet simulacrum (D:13)
  7 howler monkeys
  3 wights (D:7)
  9 electric eels
  7 crimson imps
  A troll skeleton (Crypt:2)
  4 bullfrog zombies
  22 starcursed masses
  4 jellies (Abyss:3)
  2 quasits
  A demonspawn zombie (Crypt:1)
  9 hounds
  19 orc priests
  26 orc wizards
  7 bullfrog skeletons
  An iguana (shapeshifter) (D:14)
  2 iron imps
  A basilisk skeleton (Crypt:2)
  Ijyb (D:5)
  6 iguanas
  6 worker ants
  A worker ant (shapeshifter) (Vaults:5)
  A killer bee zombie (Crypt:1)
  An acid dragon zombie (Crypt:2)
  2 felid zombies
  An ogre skeleton (Crypt:3)
  2 hound zombies
  A deep dwarf skeleton (Crypt:2)
  3 hound skeletons
  15 mummies
  Robin (D:2)
  3 worker ant zombies
  21 gnolls
  10 adders
  7 shadow imps
  A white imp (Abyss:3)
  2 ufetubi
  2 oozes
  An adder zombie (D:5)
  An iguana zombie (Crypt:1)
  4 adder skeletons
  A halfling skeleton (Crypt:1)
  6 worms
  9 dart slugs
  5 leopard geckos
  123 orcs
  2 ball pythons (D:3)
  9 giant cockroaches
  18 goblins
  12 hobgoblins
  11 jackals
  42 kobolds
  8 quokkas
  A ball python skeleton (D:4)
  13 bats
  A frilled lizard (D:2)
  A frilled lizard skeleton (Crypt:1)
  A jackal skeleton (Crypt:1)
  A quokka skeleton (D:4)
  2 quokka zombies
  10 rats
  A rat skeleton (Crypt:3)
  A river rat skeleton (Crypt:3)
  4 lurking horrors
  4 plants
  6 starspawn tentacles
  3 tentacles (Shoals:1)
2565 creatures vanquished.

Vanquished Creatures (collateral kills)
  A merfolk javelineer (Shoals:4)
  A catoblepas (D:15)
  A merfolk aquamancer (Shoals:4)
  2 ogre magi (Vaults:1)
  2 harpies (Shoals:1)
  A wolf spider (D:15)
  A shining eye (Slime:2)
  2 merfolk sirens (Shoals:4)
  A merfolk (Shoals:2)
  A polar bear (IceCv)
  A scorpion (D:13)
  An orc (Vaults:1)
15 creatures vanquished.

Vanquished Creatures (others)
  A vault warden (Vaults:3)
  A fire giant (D:13)
  3 very ugly things
  A fire dragon (D:13)
  A hydra (D:12)
  A wretched star (Abyss:3)
  An unseen horror (D:13)
  A deep elf mage (Elf:2)
  2 ugly things (D:13)
  A manticore (Shoals:4)
  A faun (Shoals:4)
  A yaktaur (Vaults:3)
  2 polar bears (IceCv)
  A redback (Spider:4)
  A yak (IceCv)
  An orc warrior (D:13)
  A wolf (IceCv)
  2 orc priests (Orc:2)
  An orc wizard (Orc:2)
  4 orcs
  A frilled lizard (D:5)
  10 fungi
  2 lurking horrors
  111 plants
  4 spectral weapons
  13 starspawn tentacles
  24 tentacles (Shoals:1)
193 creatures vanquished.

Grand Total: 2773 creatures vanquished

Notes
Turn   | Place    | Note
-------+----------+-------------------------------------------
     0 | Abyss:1  | mopl the Merfolk Abyssal Knight began the quest for the
                  | Orb.
     0 | Abyss:1  | Reached XP level 1. HP: 18/18 MP: 2/2
   120 | Abyss:2  | Noticed a flying skull
   144 | Abyss:2  | Noticed a large abomination
   149 | Abyss:2  | Noticed a wretched star
   150 | D:1      | Escaped the Abyss
   291 | D:1      | Reached XP level 2. HP: 22/24 MP: 3/3
   432 | D:1      | Reached skill level 4 in Polearms
   490 | D:1      | Reached * piety under Lugonu
   593 | D:1      | Reached XP level 3. HP: 23/29 MP: 4/4
   976 | D:2      | Reached skill level 5 in Polearms
  1016 | D:2      | Reached XP level 4. HP: 31/35 MP: 6/6
  1038 | D:2      | Noticed Robin
  1046 | D:2      | Reached skill level 6 in Polearms
  1153 | D:2      | Reached XP level 5. HP: 39/41 MP: 7/7
  1156 | D:2      | Killed Robin
  1168 | D:2      | Reached ** piety under Lugonu
  1397 | D:2      | Reached skill level 7 in Polearms
  1465 | D:2      | Found a sacrificial altar of Ru.
  1514 | D:2      | Found a sparkling altar of Nemelex Xobeh.
  1937 | D:3      | Found a basalt altar of Yredelemnul.
  2020 | D:3      | Reached XP level 6. HP: 36/47 MP: 6/9
  2039 | D:3      | Found an opulent altar of Gozag.
  2146 | D:3      | Noticed Sigmund
  2177 | D:3      | Killed Sigmund
  2177 | D:3      | Reached skill level 8 in Polearms
  2598 | D:4      | Reached XP level 7. HP: 52/52 MP: 10/10
  2629 | D:4      | Reached skill level 9 in Polearms
  2691 | D:4      | Reached *** piety under Lugonu
  2710 | D:4      | Reached skill level 5 in Invocations
  3032 | D:4      | Found Wophauqi's Antique Armour Emporium.
  3054 | D:4      | Bought a pair of glowing gloves for 187 gold pieces
  3080 | D:4      | Found a shimmering blue altar of Sif Muna.
  3080 | D:4      | Found a hazy altar of Hepliaklqana.
  3210 | D:4      | Found a glowing golden altar of the Shining One.
  3355 | D:4      | Reached skill level 1 in Throwing
  3491 | D:5      | Entered Level 5 of the Dungeon
  3491 | D:5      | Noticed Blork the orc
  3517 | D:5      | Killed Blork the orc
  3517 | D:5      | Reached skill level 10 in Polearms
  3517 | D:5      | Reached XP level 8. HP: 47/60 MP: 8/12
  3550 | D:5      | Found a staircase to the Ecumenical Temple.
  4271 | D:5      | Reached skill level 11 in Polearms
  4278 | D:5      | Noticed Grinder
  4295 | D:5      | Killed Grinder
  4295 | D:5      | Reached skill level 5 in Fighting
  4308 | D:5      | Reached **** piety under Lugonu
  4347 | D:5      | Found a shattered altar of Ashenzari.
  4441 | D:5      | Noticed Ijyb
  4459 | D:5      | Killed Ijyb
  4493 | D:5      | Found an iron altar of Okawaru.
  4622 | D:6      | Reached XP level 9. HP: 54/68 MP: 10/13
  4917 | D:6      | Found a white marble altar of Elyvilon.
  5018 | D:6      | Reached skill level 12 in Polearms
  5029 | D:6      | Found a shadowy altar of Dithmenos.
  5270 | D:6      | Reached skill level 1 in Armour
  6041 | D:6      | Found an ornate altar of the Wu Jian Council.
  6275 | D:7      | Found a hide-covered altar of Uskayaw.
  6304 | D:7      | Noticed Prince Ribbit
  6351 | D:7      | Killed Prince Ribbit
  6400 | D:7      | Found a flagged portal.
  6433 | Bailey   | Entered a bailey
  6660 | Bailey   | Reached XP level 10. HP: 55/77 MP: 15/15
  6740 | Bailey   | Reached skill level 5 in Dodging
  6868 | D:7      | Found a bloodstained altar of Trog.
  6957 | D:7      | Noticed Joseph
  7003 | D:7      | Killed Joseph
  7003 | D:7      | Reached skill level 5 in Throwing
  7248 | D:7      | Reached ***** piety under Lugonu
  7474 | D:8      | Reached skill level 13 in Polearms
  7542 | D:8      | Found a staircase to the Lair.
  8074 | D:8      | Noticed Erica
  8291 | D:8      | Killed Erica
  8291 | D:8      | Reached XP level 11. HP: 77/85 MP: 17/17
  8747 | D:8      | Noticed a two-headed ogre
  8757 | D:8      | Killed a two-headed ogre
  8852 | D:8      | Noticed a two-headed ogre
  8871 | D:8      | Killed a two-headed ogre
  8928 | D:8      | Noticed Harold
  8955 | D:8      | Killed Harold
  9220 | D:9      | Found a blossoming altar of Fedhas.
  9401 | D:9      | Found a blossoming altar of Fedhas.
  9788 | D:9      | Found an iron altar of Okawaru.
  9973 | D:10     | Entered Level 10 of the Dungeon
 10162 | D:10     | Noticed a sun demon
 10227 | D:10     | Reached skill level 14 in Polearms
 11036 | D:10     | Paralysed by a hornet for 1 turns
 11240 | D:11     | Noticed a cyclops
 11256 | D:11     | Killed a cyclops
 11360 | D:11     | Reached ****** piety under Lugonu
 11928 | D:10     | Reached XP level 12. HP: 65/94 MP: 17/19
 12147 | D:11     | Noticed a two-headed ogre
 12173 | D:11     | Killed a two-headed ogre
 12178 | D:11     | Found a staircase to the Orcish Mines.
 12630 | D:12     | Noticed a seven-headed hydra
 12632 | D:12     | Banished a seven-headed hydra
 12647 | D:12     | Reached skill level 15 in Polearms
 12692 | D:12     | Noticed an ogre mage
 12706 | D:12     | Killed an ogre mage
 12826 | D:12     | Noticed a two-headed ogre
 12843 | D:12     | Killed a two-headed ogre
 12883 | D:12     | Found a flickering gateway to a bazaar.
 12892 | Bazaar   | Entered a bazaar
 12895 | Bazaar   | Found Givo's Weapon Shop.
 12897 | Bazaar   | Found Jucyma's Assorted Antiques.
 12906 | Bazaar   | Bought a scroll labeled AZXAICITYQO for 17 gold pieces
 12906 | Bazaar   | Found Qainexatt's Antique Armour Boutique.
 12926 | Bazaar   | Found Sez Qeg's Magic Scroll Emporium.
 12932 | Bazaar   | Found Ilizxet's Distillery.
 12934 | Bazaar   | Bought a scroll of fog for 28 gold pieces
 12934 | Bazaar   | Bought a scroll of fear for 49 gold pieces
 12940 | Bazaar   | Bought a potion of mutation for 136 gold pieces
 12940 | Bazaar   | Bought a potion of curing for 51 gold pieces
 12940 | Bazaar   | Bought 2 potions of heal wounds for 170 gold pieces
 12940 | Bazaar   | Bought a potion of haste for 170 gold pieces
 12940 | Bazaar   | Bought a potion of might for 68 gold pieces
 12962 | Bazaar   | Bought a thick amethyst amulet for 85 gold pieces
 12982 | Bazaar   | Bought a scroll of fear for 49 gold pieces
 12982 | Bazaar   | Bought a scroll of identify for 28 gold pieces
 12982 | Bazaar   | Bought a scroll of identify for 28 gold pieces
 12982 | Bazaar   | Bought a scroll of identify for 28 gold pieces
 13011 | D:12     | Reached skill level 5 in Armour
 13050 | D:12     | Reached skill level 10 in Invocations
 13595 | D:12     | Noticed Nessos
 13638 | D:12     | Killed Nessos
 13763 | D:11     | Reached skill level 16 in Polearms
 13931 | D:12     | Reached XP level 13. HP: 69/102 MP: 12/20
 14203 | D:12     | Reached skill level 10 in Fighting
 14203 | D:12     | Reached skill level 10 in Dodging
 14616 | Orc:1    | Entered Level 1 of the Orcish Mines
 14840 | Orc:2    | Entered Level 2 of the Orcish Mines
 15272 | Orc:2    | Found a staircase to the Elven Halls.
 15402 | Orc:1    | Noticed Gastronok
 15423 | Orc:1    | Killed Gastronok
 15478 | Orc:1    | Found a roughly hewn altar of Beogh.
 15854 | Orc:2    | Reached skill level 1 in Evocations
 16536 | Orc:2    | Reached skill level 17 in Polearms
 17906 | Orc:2    | Found Casi's Weapon Shop.
 17906 | Orc:2    | Found Wazug's Food Shoppe.
 17908 | Orc:2    | Found Guivat's Book Shop.
 17908 | Orc:2    | Found Paegyg's Antique Weapon Shoppe.
 18042 | Orc:2    | Bought a glowing trident for 195 gold pieces
 18047 | Orc:2    | Bought a +2 trident of venom for 226 gold pieces
 18198 | Lair:1   | Entered Level 1 of the Lair of Beasts
 18255 | D:8      | Reached XP level 14. HP: 41/111 MP: 22/22
 19330 | Lair:2   | Got a fine cloak
 19355 | Lair:2   | Identified the +1 cloak of Grace {*Contam +Inv rCorr Str+3}
                  | (You found it on level 2 of the Lair of Beasts)
 19850 | Lair:3   | Learned a level 1 spell: Apportation
 20335 | Lair:4   | Found a shadowy altar of Dithmenos.
 20335 | Lair:4   | Found a hole to the Spider Nest.
 20440 | Lair:4   | Found a staircase to the Shoals.
 20841 | Lair:4   | Reached skill level 18 in Polearms
 22069 | Lair:6   | Entered Level 6 of the Lair of Beasts
 22344 | Lair:6   | Found a frozen archway.
 22384 | IceCv    | Entered an ice cave
 23120 | IceCv    | Got a translucent crystal amulet
 23121 | IceCv    | Identified the amulet "Misiubl Tiucw" {Spirit MR+ Int+4}
                  | (You found it in an ice cave)
 23243 | IceCv    | Noticed a white draconian
 23300 | IceCv    | Killed a white draconian
 23300 | IceCv    | Reached XP level 15. HP: 109/119 MP: 23/23
 23892 | Lair:6   | Reached skill level 5 in Evocations
 24090 | Lair:6   | Reached skill level 19 in Polearms
 24164 | Lair:6   | Reached skill level 10 in Throwing
 24696 | Lair:6   | Found a viscous altar of Jiyva.
 24696 | Lair:6   | Found a staircase to the Slime Pits.
 25511 | D:13     | Noticed a fire giant
 25540 | D:13     | Banished a fire giant
 25918 | D:13     | Identified the +8 hunting sling of Komadat {freeze, rElec
                  | MR+ Str+6 Stlth-}
 27399 | D:13     | Reached XP level 16. HP: 121/127 MP: 25/25
 27984 | D:14     | Found a gate to the Vaults.
 28341 | D:14     | Reached skill level 20 in Polearms
 28854 | D:14     | Got a twisted leather armour
 28865 | D:14     | Identified the +3 leather armour of Free Will {Str+4} (You
                  | found it on level 14 of the Dungeon)
 29114 | D:15     | Entered Level 15 of the Dungeon
 29114 | D:15     | Found a transporter.
 29131 | D:15     | Noticed brae's ghost (adept HuBe)
 29155 | D:15     | Got a transparent ring mail
 29166 | D:15     | Identified the +1 ring mail of the Ladybird {-Tele Int+5
                  | Dex+3} (You found it on level 15 of the Dungeon)
 29537 | D:15     | Found a transporter.
 30217 | D:15     | Found a staircase to the Depths.
 30796 | D:15     | Got a scintillating brass amulet
 30820 | D:15     | Identified the amulet of Jealousy {Reflect SH+3 Stlth+}
                  | (You found it on level 15 of the Dungeon)
 30825 | D:15     | Got a crude wooden ring
 30826 | D:15     | Identified the ring "Numo" {+Fly rN+} (You found it on
                  | level 15 of the Dungeon)
 30861 | D:15     | Banished brae's ghost
 31075 | Shoals:1 | Entered Level 1 of the Shoals
 31415 | Shoals:1 | Identified the +7 dire flail of Uttauc {crush, rC+ Int+2
                  | Dex+2}
 31960 | Shoals:1 | Reached XP level 17. HP: 88/135 MP: 26/26
 32166 | Shoals:1 | Noticed a kraken
 32340 | Shoals:1 | Killed a kraken
 33260 | Shoals:2 | Found a runed translucent door.
 33268 | Shoals:2 | Noticed Lyfunof's ghost (adept DrFE)
 33375 | Shoals:2 | Learned a level 3 spell: Regeneration
 33380 | Shoals:2 | Found Pamuipog's Food Boutique.
 33438 | Shoals:2 | Learned a level 3 spell: Spectral Weapon
 33903 | Shoals:3 | Reached skill level 1 in Charms
 34899 | Shoals:4 | Entered Level 4 of the Shoals
 36051 | Shoals:4 | Identified Roxanne's Volume of the Rocks
 36051 | Shoals:4 | Noticed Roxanne
 36371 | Shoals:4 | Reached XP level 18. HP: 92/144 MP: 28/28
 36545 | Shoals:4 | Cast into level 2 of the Abyss (merfolk impaler)
 36842 | Abyss:3  | Found a corrupted altar of Lugonu.
 36858 | Shoals:4 | Escaped the Abyss
 37378 | Shoals:4 | Got a barnacled rune of Zot
 37413 | Shoals:4 | Killed Roxanne
 37748 | Vaults:1 | Entered Level 1 of the Vaults
 38177 | Vaults:1 | Reached skill level 15 in Dodging
 38189 | Vaults:1 | Reached skill level 1 in Translocations
 38216 | Vaults:1 | Reached skill level 5 in Charms
 40060 | Vaults:1 | Found Duall's Antique Weapon Emporium.
 40108 | Vaults:1 | Identified the +5 great mace of Xikketal {crush, MR+ Str+4
                  | Dex+4}
 40389 | Vaults:2 | Reached XP level 19. HP: 126/152 MP: 29/29
 40440 | Vaults:2 | Reached skill level 10 in Evocations
 41404 | Vaults:2 | Found a staircase to the Crypt.
 41404 | Vaults:2 | Found a basalt altar of Yredelemnul.
 41405 | Vaults:2 | Found an ancient bone altar of Kikubaaqudgha.
 42291 | Elf:1    | Entered Level 1 of the Elven Halls
 42385 | Elf:1    | Found Zorphom's Magic Scroll Boutique.
 42518 | Elf:1    | Bought a scroll of fear for 56 gold pieces
 42518 | Elf:1    | Bought a scroll of fear for 56 gold pieces
 42518 | Elf:1    | Bought a scroll of blinking for 120 gold pieces
 42518 | Elf:1    | Bought a scroll of fear for 56 gold pieces
 42518 | Elf:1    | Bought a scroll of teleportation for 48 gold pieces
 42861 | Elf:1    | Reached skill level 1 in Stealth
 42898 | Elf:1    | Reached skill level 10 in Armour
 43280 | Elf:1    | Learned a level 2 spell: Blink
 43669 | Elf:1    | Noticed Azrael
 43693 | Elf:1    | Killed Azrael
 43797 | Elf:2    | Found Junim's Armour Boutique.
 44100 | Elf:2    | Found a runed translucent gate.
 44100 | Elf:2    | Found a runed translucent gate.
 44102 | Elf:2    | Found a runed translucent gate.
 45089 | Elf:2    | Reached skill level 21 in Polearms
 45362 | Elf:2    | Reached skill level 15 in Invocations
 45663 | Elf:2    | Reached XP level 20. HP: 160/160 MP: 31/31
 46191 | Elf:3    | Entered Level 3 of the Elven Halls
 46235 | Elf:3    | Cast into level 2 of the Abyss (a deep elf sorcerer)
 46314 | Abyss:2  | Found a bloodstained altar of Trog.
 46359 | Abyss:3  | Found a corrupted altar of Lugonu.
 46389 | Elf:3    | Escaped the Abyss
 46672 | Elf:3    | Cast into level 3 of the Abyss (+3 halberd of distortion)
 46768 | Elf:3    | Escaped the Abyss
 47323 | Elf:3    | Found a runed translucent door.
 47338 | Elf:3    | Found a shimmering altar of Xom.
 47338 | Elf:3    | Noticed Tuny's ghost (adept SpEn)
 47496 | Elf:3    | Identified the +8 trident "Weig" {pierce, MR- Dex+7}
 47496 | Elf:3    | Identified the +2 robe of Sorcery {rPois rC++ rCorr Str-2}
 47554 | Elf:3    | Identified the ring "Engusa Waiwk" {rElec rN+ MP+9}
 47738 | Elf:3    | Identified the +6 war axe of Pride {chop, rPois Str-3 Int+3
                  | SInv}
 47738 | Elf:3    | Identified the +0 large shield of Refuge {rElec MR+++ Str-3
                  | Dex+2}
 48423 | Elf:3    | Identified the ring of Quuteok {rElec AC+3 Str+3 Int+2}
 48548 | Elf:3    | Noticed a Tzitzimitl
 48874 | Elf:3    | Identified the ring of Musidesch {rPois rF+ AC+1 Int+2}
 48934 | Elf:3    | Reached skill level 5 in Translocations
 48977 | Elf:3    | Identified the +2 plate armour of Dempeix {rElec}
 49053 | Elf:3    | Reached skill level 15 in Fighting
 49097 | Elf:3    | Identified the +5 hand axe of Punishment {chop, MR++ Int-3}
 49142 | Elf:3    | Identified the Handbook of Vitriolic Combat Magic
 49157 | Elf:3    | Identified the Tome of Air and Conjuration
 49195 | Elf:3    | Identified the Disquisition on Curses and Clay
 49750 | Vaults:3 | Found Vutufote's Armour Shoppe.
 49806 | Vaults:3 | Reached skill level 5 in Stealth
 49980 | Vaults:3 | Reached skill level 1 in Hexes
 49998 | Vaults:3 | Reached XP level 21. HP: 141/168 MP: 32/32
 50033 | Vaults:3 | HP: 4/168 [vault warden/+0 great sword (21)]
 50036 | Vaults:3 | Reached skill level 1 in Necromancy
 50775 | Vaults:3 | Reached skill level 22 in Polearms
 51879 | Vaults:4 | Identified the +11 chain mail "Pimnuf" {Dex+2} (You found
                  | it on level 4 of the Vaults)
 53281 | Spider:1 | Entered Level 1 of the Spider Nest
 53464 | Spider:1 | Noticed Asterion
 53473 | Spider:1 | Killed Asterion
 53579 | Spider:1 | Reached XP level 22. HP: 176/176 MP: 31/33
 54314 | Spider:1 | Reached skill level 1 in Spellcasting
 54706 | Spider:2 | Noticed Frances
 54715 | Spider:2 | Killed Frances
 55777 | Spider:3 | Noticed Louise
 55786 | Spider:3 | Killed Louise
 56043 | Spider:3 | Reached skill level 23 in Polearms
 56305 | Spider:4 | Entered Level 4 of the Spider Nest
 57505 | Spider:4 | Reached skill level 10 in Charms
 57879 | Spider:4 | Got a gossamer rune of Zot
 58140 | Slime:1  | Entered Level 1 of the Pits of Slime
 58319 | Slime:2  | Gained mutation: Your flesh is cold resistant. (rC+) [a
                  | shining eye]
 58325 | Slime:2  | Gained mutation: You have a pair of small horns on your
                  | head. [a shining eye]
 58328 | Slime:2  | Gained mutation: You are frail. (-10% HP) [a shining eye]
 58501 | Slime:4  | Reached XP level 23. HP: 149/164 MP: 35/35
 58533 | Slime:4  | Gained mutation: You are dopey. (Int -2) [a shining eye]
 58606 | Slime:5  | Entered Level 5 of the Pits of Slime
 58984 | Slime:5  | Paralysed by a floating eye for 3 turns
 59412 | Slime:5  | Found a viscous altar of Jiyva.
 59413 | Slime:5  | Noticed the Royal Jelly
 59436 | Slime:5  | Killed the Royal Jelly
 59642 | Slime:5  | Found the +8 whip "Snakebite" {curare, rPois}
 59657 | Slime:5  | Got a slimy pewter ring
 59686 | Slime:5  | Identified the ring of Dishonour {rF+ MR+} (You found it on
                  | level 5 of the Pits of Slime)
 59693 | Slime:5  | Identified Gatreups's Reference Book on the Rocks and
                  | Attacks
 59704 | Slime:5  | Got a slimy rune of Zot
 59713 | Slime:5  | Identified the +2 pair of gloves of Kikubaaqudgha's Fury
                  | {rPois rF- MP-9 SInv} (You found it on level 5 of the Pits
                  | of Slime)
 59751 | Slime:5  | Identified the +3 plate armour of Dihi {rElec Slay+3} (You
                  | found it on level 5 of the Pits of Slime)
 59755 | Slime:5  | Identified the +4 glaive "Tycreo" {antimagic, rElec rF+
                  | rC+} (You found it on level 5 of the Pits of Slime)
 60031 | Shoals:3 | Lost mutation: You have a pair of small horns on your head.
                  | [potion of mutation]
 60031 | Shoals:3 | Lost mutation: Your flesh is cold resistant. (rC+) [potion
                  | of mutation]
 60031 | Shoals:3 | Lost mutation: You are frail. (-10% HP) [potion of
                  | mutation]
 60031 | Shoals:3 | Gained mutation: Your natural rate of healing is unusually
                  | fast. [potion of mutation]
 60031 | Shoals:3 | Gained mutation: You have a pair of small antennae on your
                  | head. [potion of mutation]
 60031 | Shoals:3 | Gained mutation: You are frail. (-10% HP) [potion of
                  | mutation]
 60031 | Shoals:3 | Gained mutation: You have supernaturally acute eyesight.
                  | (SInv) [potion of mutation]
 60304 | Elf:2    | Lost mutation: You are frail. (-10% HP) [potion of
                  | mutation]
 60304 | Elf:2    | Lost mutation: You are dopey. (Int -2) [potion of mutation]
 60304 | Elf:2    | Gained mutation: Your spells are a little harder to cast,
                  | but a little more powerful. [potion of mutation]
 60304 | Elf:2    | Gained mutation: You are partially covered in thin metallic
                  | scales. (AC +2) [potion of mutation]
 60635 | Crypt:1  | Entered Level 1 of the Crypt
 61571 | Crypt:2  | Noticed Khufu
 61579 | Crypt:2  | Killed Khufu
 61579 | Crypt:2  | Noticed a greater mummy
 61582 | Crypt:2  | Killed a greater mummy
 61626 | Crypt:2  | Cast into level 2 of the Abyss (skeletal warrior)
 61790 | Abyss:2  | Reached skill level 24 in Polearms
 62088 | Abyss:3  | Found a corrupted altar of Lugonu.
 62221 | Crypt:2  | Escaped the Abyss
 62277 | Crypt:2  | Reached XP level 24. HP: 44/191 MP: 35/35
 62601 | Crypt:2  | Noticed Jory
 62610 | Crypt:2  | Killed Jory
 62610 | Crypt:2  | Reached skill level 5 in Hexes
 62923 | Crypt:3  | Entered Level 3 of the Crypt
 62923 | Crypt:3  | Found a staircase to the Tomb.
 63343 | Crypt:3  | Reached skill level 5 in Necromancy
 63599 | Crypt:3  | Reached skill level 10 in Stealth
 63708 | Crypt:3  | Found an ancient bone altar of Kikubaaqudgha.
 63820 | Crypt:3  | Identified the amulet "Tiguwomm" {*Corrode rPois Regen+
                  | MP+9 Str+4} (You found it on level 3 of the Crypt)
 63911 | Crypt:3  | Identified the Tome of Evil Rituals
 64115 | Crypt:3  | Reached skill level 15 in Throwing
 64909 | Abyss:2  | Found a corrupted altar of Lugonu.
 65059 | Abyss:2  | Found a corrupted altar of Lugonu.
 65188 | Abyss:2  | Found a corrupted altar of Lugonu.
 65225 | Abyss:2  | Reached XP level 25. HP: 199/199 MP: 33/35
 65849 | Abyss:3  | Reached skill level 25 in Polearms
 66554 | Abyss:3  | Found a transporter.
 66666 | Abyss:3  | Noticed an ancient lich
 66685 | Abyss:3  | Killed an ancient lich
 66688 | Abyss:3  | Found a transporter.
 66692 | Abyss:3  | Found a transporter.
 66694 | Abyss:3  | Got an abyssal rune of Zot
 66752 | Abyss:3  | Found a transporter.
 66769 | Lair:1   | Escaped the Abyss
 67029 | Vaults:5 | Entered Level 5 of the Vaults
 67472 | Vaults:5 | Paralysed by a sphinx for 4 turns
 67656 | Vaults:4 | Reached XP level 26. HP: 178/208 MP: 31/35
 67823 | Vaults:5 | Found the +8 mithril axe "Arga" {speed, MR+}
 67831 | Vaults:5 | Got a silver rune of Zot
 67836 | Vaults:5 | Identified Wucza's Tome of the Entourage and the Rocks
 68044 | Vaults:5 | Reached skill level 26 in Polearms
 68167 | Vaults:5 | Noticed an ancient lich
 68174 | Vaults:5 | Killed an ancient lich
 68325 | Vaults:5 | Identified the cursed +1 leather armour of Weopuynk {rF+
                  | rC+ Int+2}
 68445 | Vaults:5 | Identified the +8 arbalest of the Solstice {flame, rPois
                  | Dex+2} (You found it on level 5 of the Vaults)
 69851 | Tomb:1   | Entered Level 1 of the Tomb of the Ancients
 70162 | Tomb:1   | Paralysed by a sphinx for 5 turns
 71101 | Tomb:1   | Reached XP level 27. HP: 159/213 MP: 36/36
 71707 | Tomb:2   | HP: 5/217 [death scarab (9)]
 71707 | Tomb:2   | Mangled by a death scarab

Levels and vault maps discovered:
D:1:      lightli_arrival_flooded_house, layout_basic, grunt_decor_cap
D:2:      layout_loops_ring, lemuel_coloured_pillars_altar,
          nemelex_xobeh_ov_fountains_minmay, uniq_robin
D:3:      layout_basic, nicolae_gozag_cash_rules_everything_around_me,
          old_standard_altar, uniq_sigmund
D:4:      layout_loops_ring, gammafunk_temple_overflow_wave, serial_shops,
          kennysheep_mini_moat, tso_altar
D:5:      kennysheep_slugbush, layout_loops_ring, ashenzari_conservatory_becter,
          minmay_temple_entry_ruins, first_ration, okawaru_metal_pillars_3,
          uniq_blork_the_orc, uniq_ijyb, uniq_grinder
D:6:      layout_basic, elyvilon_altar_4, kennysheep_little_box,
          nicolae_dithmenos_the_darkroom, serial_bayou_lake_a
D:7:      layout_rooms, nicolae_overflow_hidden_temple,
          overflow_temple_1_default, enter_bailey_2, grunt_ogre_cave, trog_book,
          uniq_prince_ribbit1, uniq_joseph
D:8:      layout_gridville, minmay_lair_entry_grove, st_stairs_8, uniq_harold,
          uniq_erica
D:9:      layout_long_grid, fedhas_ov_isle_minmay, kennysheep_mini, basic_altar
D:10:     layout_roguey, kennysheep_generic_room_6
D:11:     layout_gridville, orc_0_dummy
D:12:     minmay_triangles_in_corner, layout_cave_pods, serial_shops,
          bzr_entry_islet, grunt_decor_resistance, uniq_nessos
D:13:     minmay_the_grid_square_5x5_4x4_mashed
          [minmay_the_grid_square_5x5_almost_minimal,
          minmay_the_grid_square_5x5_minimal,
          minmay_the_grid_square_5x5_eight_small,
          minmay_the_grid_square_5x5_empty, minmay_the_grid_square_5x5_meh,
          minmay_the_grid_square_5x5_prize_itemx,
          minmay_the_grid_square_5x5_prize_pseudospiral,
          minmay_the_grid_square_5x5_detours, minmay_the_grid_square_5x5_spiral,
          minmay_the_grid_square_5x5_prize_deathbox,
          minmay_the_grid_square_5x5_prize_monsterx,
          minmay_the_grid_square_5x5_one_wall,
          minmay_the_grid_square_5x5_hourglass, minmay_the_grid_square_5x5_n,
          minmay_the_grid_square_5x5_checkered,
          minmay_the_grid_square_5x5_spiral_small], layout_basic, minivault_5,
          onia_ninara_cookie
D:14:     minmay_wizard_corner, layout_loops_corners, david_vaults_4,
          minmay_misc_feat_square
D:15:     gammafunk_enter_depths_forms, layout_irregular_city,
          gammafunk_ghost_berserking_beasts, minmay_hedge_maze
Lair:1:   layout_cave_pods
Lair:2:   layout_cave_shapes, lemuel_fruit_tree
Lair:3:   layout_hall_layers
Lair:4:   layout_regular_city, elwin_shoals_entry_rocks, spider_nest_entry_a,
          lemuel_oklob_altar
Lair:5:   dragon1_lemuel, layout_regular_city
Lair:6:   minmay_lair_end_frog_pond, layout_cave_pods,
          dpeg_slime_entry_enclosed_altar, portal_ice_cave_demonic_guard,
          st_stairs_13
Shoals:1: layout_shoals
Shoals:2: layout_shoals, serial_shops, shop, ebering_ghost_reflecting_pool,
          nicolae_shoals_square_sea_wall
Shoals:3: layout_shoals, nicolae_shoals_cliffside_cave, nicolae_shoals_mertower
Shoals:4: shoals_end_grunt_garden, layout_shoals, uniq_roxanne
Spider:1: layout_chambers, uniq_asterion
Spider:2: layout_spider_delve, uniq_frances
Spider:3: layout_spider_delve, uniq_louise
Spider:4: grunt_spider_rune_circles
Slime:1:  cheibrodos_slime_lost_civilization_2, layout_caves
Slime:2:  layout_caves
Slime:3:  layout_caves
Slime:4:  layout_caves
Slime:5
Orc:1:    layout_caves, mines1_david, uniq_gastronok
Orc:2:    grunt_orc_tribal_feast, layout_diamond_mine
Elf:1:    eino_elf_arrival_shootout, layout_gridlike, serial_shops, shop_statue,
          minmay_elf_crystal_hexagon, uniq_azrael
Elf:2:    layout_rooms, serial_shops,
          nicolae_shop_temple_entry_statues_fountains
Elf:3:    grunt_elf_hall_asides, layout_loops_cross, ebering_ghost_xom
Vaults:1: nicolae_vaults_angled_halls, vaults_room_hallway,
          ontoclasm_vaults_loading_screen, nicolae_vaults_little_squares_2,
          vaults_mumra_chevron_long, v_misc_22, grunt_vaults_hallway_short,
          v_alt_pattern_4, vaults_room_fours, vaults_room_stairs_pillars,
          vaults_room_hallway, grunt_vaults_hallway_short,
          vaults_room_grunt_arrival_ludios, layout_vaults_quadrants,
          serial_shops, shop
Vaults:2: v_misc_3, v_misc_23, ontoclasm_vaults_shuriken,
          nicolae_vaults_little_squares_5, v_rooms_3,
          minmay_crypt_entry_necro_gods, hangedman_vaults_slither,
          hangedman_vaults_slice, vaults_room_pool,
          nicolae_vaults_know_your_exits, vaults_dpeg_ring,
          hangedman_vaults_impose, layout_vaults_maze_snakey
Vaults:3: ontoclasm_vaults_decontamination, hangedman_vaults_stream,
          nicolae_vaults_shelves_hall, v_misc_11, nicolae_vaults_display_case,
          vaults_mumra_minichess, v_misc_26, vaults_dpeg_hooks,
          vaults_room_fours, layout_vaults_chaotic_city, serial_shops, shop
Vaults:4: ontoclasm_vaults_fault, nicolae_vaults_shelves_hall,
          nicolae_vaults_network_star, nicolae_vaults_little_squares_6,
          v_rooms_2, v_misc_30, nicolae_vaults_an_arrangement,
          nicolae_vaults_stairing_the_circle, ontoclasm_vaults_hangar,
          nicolae_vaults_little_ls, vaults_room_corners, layout_vaults_ring
Vaults:5
Crypt:1:  layout_chaotic_city, nicolae_crypt_twisting_catacombs, st_stairs_13
Crypt:2:  layout_misc_corridors, hex_large, uniq_khufu, uniq_jory
Crypt:3:  church_of_pain_bobbens, layout_chaotic_city, st_stairs_3, minivault_11
Tomb:1
Tomb:2

Skill      XL: |  1  2  3  4  5  6  7  8  9 10 11 12 13 14 15 16 17 18 19 20 21 22 23 24 25 26 27 |
---------------+----------------------------------------------------------------------------------+-----
Polearms       | 4 5 6 7 8 10 11 12 13 14 16 17 18 19 20 21 22 23 24 25 26 | 26.0
Invocations    | 3 4 5 6 7 8 9 10 11 12 13 14 15 16 17 18 | 18.8
Throwing       | 1 3 4 5 7 8 9 10 11 12 13 14 15 16 | 16.2
Fighting       | 5 6 7 8 9 10 11 12 13 14 15 16 17 | 17.9
Armour         | 2 3 4 5 6 7 8 9 10 11 12 | 12.9
Dodging        | 4 6 8 9 10 11 12 13 14 15 16 17 18 19 20 | 20.0
Evocations     | 2 4 6 7 9 10 11 12 | 12.0
Charms         | 3 6 7 8 9 10 11 12 | 12.1
Translocations | 2 4 5 6 7 9 |  9.2
Stealth        | 3 5 6 8 9 10 | 10.0
Hexes          | 1 3 4 5 7 |  7.3
Necromancy     | 3 4 5 6 7 |  7.2
Spellcasting   | 3 |  3.0

Action                   |  1- 3 |  4- 6 |  7- 9 | 10-12 | 13-15 | 16-18 | 19-21 | 22-24 | 25-27 || total
-------------------------+-------+-------+-------+-------+-------+-------+-------+-------+-------++-------
Melee: Spear             |    82 |   164 |   589 |  1242 |   541 |       |       |       |       ||  2618
       Tailslap          |       |       |     3 |     4 |       |    37 |       |       |       ||    44
       Trident           |       |       |       |       |  1489 |   320 |       |       |       ||  1809
       Demon trident     |       |       |       |       |       |  1488 |   813 |       |       ||  2301
       Bardiche          |       |       |       |       |       |       |   217 |   939 |   737 ||  1893
       Scythe            |       |       |       |       |       |       |   772 |   915 |   578 ||  2265
       Headbutt          |       |       |       |       |       |       |       |    49 |       ||    49
Throw: Dart              |       |     7 |    18 |    29 |    66 |    44 |    24 |     2 |       ||   190
       Boomerang         |       |       |       |    25 |   161 |    70 |    73 |   162 |    75 ||   566
       Throwing net      |       |       |       |     1 |       |       |     3 |       |     2 ||     6
       Javelin           |       |       |       |       |       |    30 |     6 |    16 |    39 ||    91
 Cast: Apportation       |       |       |       |       |     6 |       |       |       |     6 ||    12
       Regeneration      |       |       |       |       |       |       |    17 |   116 |    68 ||   201
       Spectral Weapon   |       |       |       |       |       |       |     1 |    15 |       ||    16
       Blink             |       |       |       |       |       |       |       |     6 |    12 ||    18
Invok: Depart the Abyss  |     1 |       |       |       |       |     1 |     1 |     1 |     1 ||     5
       Bend Space        |       |       |       |     1 |       |       |     1 |       |       ||     2
       Banish            |       |       |       |     1 |     4 |     7 |       |       |       ||    12
       Enter the Abyss   |       |       |       |       |       |       |       |     1 |       ||     1
 Abil: Evoke Invisibilit |       |       |       |       |     1 |     1 |    23 |     1 |     1 ||    27
Evoke: Lamp of fire      |       |       |       |     1 |     1 |       |       |     1 |       ||     3
       Wand              |       |       |       |    19 |    19 |    36 |     5 |     9 |     4 ||    92
       Phial of floods   |       |       |       |       |       |       |       |     1 |       ||     1
  Use: Scroll            |       |     2 |     2 |    13 |    12 |    11 |     8 |    25 |    21 ||    94
       Potion            |       |       |       |     1 |     2 |     2 |     3 |     4 |     6 ||    18
 Stab: Sleeping          |     3 |     5 |     2 |       |     1 |     4 |     7 |     6 |     1 ||    29
       Held in net/web   |       |       |       |     4 |       |       |       |       |     1 ||     5
       Confused          |       |       |       |       |     1 |     1 |       |       |       ||     2
       Invisible         |       |       |       |       |     8 |     1 |    58 |     2 |    13 ||    82
       Distracted        |       |       |       |       |     1 |     3 |     1 |     4 |     8 ||    17
       Paralysed         |       |       |       |       |       |    10 |     4 |     3 |       ||    17
       Betrayed ally     |       |       |       |       |       |     1 |       |       |       ||     1
  Eat: Chunk             |       |     5 |    13 |    23 |    44 |    32 |    37 |    15 |    18 ||   187
       Ration            |       |       |       |       |     2 |     3 |     6 |    14 |     6 ||    31
Armor: Leather armour    |    10 |    24 |    59 |    42 |       |       |       |       |       ||   135
       Fire dragon scale |       |       |       |     9 |     4 |       |       |       |       ||    13
       Scale mail        |       |       |       |   129 |       |       |       |       |       ||   129
       Troll leather arm |       |       |       |    53 |   256 |   239 |   179 |       |       ||   727
       Chain mail        |       |       |       |       |       |       |    73 |   867 |   327 ||  1267
       Gold dragon scale |       |       |       |       |       |       |       |       |   398 ||   398
Dodge: Dodged            |    31 |    63 |   139 |   375 |   951 |   998 |   761 |  1247 |   996 ||  5561
       Deflected         |       |       |    20 |    22 |    12 |       |       |       |       ||    54
Block: Buckler           |       |    10 |    41 |   116 |   168 |   178 |    14 |       |       ||   527
